 Dungeon Crawl Stone Soup version 0.29.1-1-gd02db69 (webtiles) character file.

Game seed: 6457056299492501171

3524 Timinator the Changer (level 9, -1/73 HPs)
             Began as a Demigod Transmuter on Dec 19, 2022.
             Slain by a gnoll sergeant
             ... wielding a +0 spear of pain
              (2 damage)
             ... on level 8 of the Dungeon.
             The game lasted 00:30:51 (8149 turns).

Timinator the Changer (Demigod Transmuter)          Turns: 8149, Time: 00:30:51

Health: -1/73      AC:  7    Str: 22    XL:     9   Next: 52%
Magic:  18/19      EV: 14    Int: 15    God:
Gold:   343        SH:  0    Dex: 18    Spells: 14/17 levels left

rFire   . . .      SeeInvis .     - Unarmed
rCold   . . .      Faith    .   (no shield)
rNeg    . . .      Spirit   .   v - +0 ring mail
rPois   .          Reflect  .   (no helmet)
rElec   .          Harm     .   (no cloak)
rCorr   .          Rampage  .   d - +1 pair of gloves {Str+3}
Will    .....                   (no boots)
Stlth   +.........              o - amulet of regeneration
HPRegen 1.02/turn               j - ring of flight
MPRegen 0.16/turn               (no ring)

@: mighty, about to teleport, wereblooded, flying
A: high MP 1, forlorn, divine attributes
a: no special abilities


You were on level 8 of the Dungeon.
You visited 1 branch of the dungeon, and saw 8 of its levels.
You also visited: Ossuary.

You collected 463 gold pieces.
You spent 120 gold pieces at shops.

Inventory:

Armour
 d - a +1 pair of gloves of strength (worn)
 v - a +0 ring mail (worn)
Jewellery
 j - a ring of flight (left hand)
 o - an amulet of regeneration (around neck)
Scrolls
 a - 2 scrolls of identify
 e - 4 scrolls of teleportation
 h - 3 scrolls of butterflies
 k - 2 scrolls of magic mapping {unknown}
 q - a scroll of vulnerability {unknown}
 r - 2 scrolls of amnesia {unknown}
 s - 3 scrolls of enchant armour {unknown}
 t - 3 scrolls of enchant weapon {unknown}
 u - a scroll of immolation {unknown}
Potions
 b - 3 potions of degeneration
 c - a potion of cancellation
 i - 6 potions of curing
 l - 4 potions of flight
 m - a potion of mutation {unknown}
 n - 2 potions of haste
 w - a potion of attraction


   Skills:
 * Level 4.9 Fighting
 - Level 2.0 Armour
 * Level 5.6 Dodging
 + Level 6.8 Unarmed Combat
 + Level 4.7 Spellcasting
 * Level 6.9 Transmutations


You had 14 spell levels left.
You knew the following spells:

 Your Spells              Type           Power      Damage    Failure   Level
a - Beastly Appendage     Tmut           48%        N/A       1%          1
b - Wereblood             Tmut           24%        N/A       2%          2

Your spell library contained the following spells:

 Spells                   Type           Power      Damage    Failure   Level
 Spider Form              Tmut/Pois      13%        N/A       21%         3
 Ice Form                 Ice/Tmut       13%        N/A       54%         4
 Corpse Rot               Necr/Pois/Air  3%         N/A       95%         4
 Dispel Undead            Necr           3%         3d7       95%         4
 Death Channel            Necr           1%         N/A       100%        6


Dungeon Overview and Level Annotations

Branches:
Dungeon (8/15)             Temple (0/1) D:6         Ossuary (visited)
   Lair: D:8-11

Shops:
D:1 *   D:3 ?


Innate Abilities, Weirdness & Mutations

You have an increased reservoir of magic. (+10% MP)
You shall have no god before yourself.
Your divine heritage dramatically boosts your attributes as you level up.


Message History

Your butterfly dies!
Your butterfly disappears in a burst of colours!
The killer bee stings you.
The killer bee stings you but does no damage.
The killer bee barely misses you. The killer bee closely misses you.
The killer bee misses you. The killer bee barely misses you.
The killer bee closely misses you.
The gnoll sergeant hits you from afar with a +0 spear of pain.
* * * LOW HITPOINT WARNING * * *
You writhe in agony.
* * * LOW HITPOINT WARNING * * *
You swap places.
You feel sick. The killer bee misses you.
The killer bee barely misses your butterfly.
The killer bee misses you.
The killer bee barely misses your butterfly.
The killer bee misses you. The killer bee stings your butterfly.
Your butterfly dies!
Your butterfly disappears in a burst of colours!
The killer bee misses your butterfly.
As you read the scroll of teleportation, it crumbles to dust.
You feel strangely unstable.
You feel sick.
The killer bee stings you but does no damage.
The killer bee barely misses you. x2; The killer bee stings you!
* * * LOW HITPOINT WARNING * * *
The killer bee stings you.
* * * LOW HITPOINT WARNING * * *
You are lethally poisoned!
The killer bee poisons you! The killer bee closely misses you.
The gnoll sergeant hits you but does no damage.
You writhe in agony.
* * * LOW HITPOINT WARNING * * *
You feel better.
The killer bee stings you but does no damage.
The killer bee barely misses you. The killer bee completely misses you.
The killer bee stings you but does no damage. x2
The killer bee misses you. The killer bee barely misses you.
The gnoll sergeant hits you from afar with a +0 spear of pain!
* * * LOW HITPOINT WARNING * * *
You writhe in agony.
You die...

..... .##
.....###..
......b... ##.#
......... ......
.....bb.. #.....#
.....b..## #..#..##
.b.....yy###.<#...#
.......@y.#.......#
....bbby.g........#
. .......##y.....##
... ......#
##......#....
...... #...........
.#.### #..........#
#. #.........## #
#..........#
##......#..###


You could see a gnoll sergeant and 5 killer bees.

Vanquished Creatures
  The ghost of Kave the Ruffian, a novice TrTm (D:5)
  Sigmund (D:4)
  2 wyverns (D:7)
  An acid dragon (D:8)
  A black bear (D:6)
  An ice beast (D:5)
  4 sky beasts
  An ogre (D:6)
  2 phantoms
  A kobold brigand (D:7)
  An elf zombie (Ossuary)
  4 bullfrogs
  2 necrophages
  5 scorpions
  2 howler monkeys
  A bullfrog zombie (D:5)
  A centaur zombie (Ossuary)
  4 orc priests
  A hound (D:5)
  2 jellies
  A gnoll bouda (D:3)
  Natasha (twice) (D:2)
  6 iguanas
  5 orc wizards
  A scorpion zombie (D:5)
  2 mummies (Ossuary)
  A howler monkey zombie (D:5)
  11 adders
  4 gnolls (D:3)
  A shadow imp (D:7)
  2 white imps
  A worm (D:3)
  A dart slug (D:4)
  21 orcs
  4 bats
  3 endoplasms
  A giant cockroach (D:1)
  5 goblins
  7 hobgoblins
  2 jackals (D:1)
  9 kobolds
  2 quokkas (D:5)
  9 ball pythons
  6 frilled lizards
  4 goblin zombies (Ossuary)
  10 hobgoblin zombies (Ossuary)
  2 jackal zombies (Ossuary)
  10 kobold zombies (Ossuary)
  7 orc zombies (Ossuary)
  5 rats
  A rat zombie (Ossuary)
184 creatures vanquished.

Vanquished Creatures (others)
  13 fungi
  4 withered plants (D:5)
17 creatures vanquished.

Grand Total: 201 creatures vanquished

Notes
Turn   | Place    | Note
-------+----------+-------------------------------------------
     0 | D:1      | Timinator the Demigod Transmuter began the quest for the
                  | Orb.
     0 | D:1      | Reached XP level 1. HP: 15/15 MP: 5/5
   132 | D:1      | Reached skill level 1 in Fighting
   286 | D:1      | Found Vuuquol's General Store.
   499 | D:1      | Reached XP level 2. HP: 23/23 MP: 5/7
   591 | D:1      | Learned a level 2 spell: Wereblood
  1005 | D:2      | Identified the +6 flail "Becwirei" {vorpal, *Corrode rElec
                  | rPois}
  1402 | D:2      | Reached XP level 3. HP: 28/28 MP: 6/8
  1634 | D:2      | Noticed Natasha
  1648 | D:2      | Killed Natasha
  1649 | D:2      | Reached skill level 1 in Armour
  1683 | D:2      | Noticed Natasha
  1694 | D:2      | Killed Natasha
  1695 | D:2      | Reached XP level 4. HP: 26/35 MP: 7/9
  2012 | D:2      | Identified the +1 leather armour "Iheisi" {rN+ Will+++
                  | Str-5 Int-2 Dex+3}
  2339 | D:3      | Found Gaoleeri's Magic Scroll Shoppe.
  2634 | D:3      | Bought a scroll of identify for 20 gold pieces
  2634 | D:3      | Bought a scroll of teleportation for 30 gold pieces
  2634 | D:3      | Bought a scroll of fear for 40 gold pieces
  2634 | D:3      | Bought a scroll of teleportation for 30 gold pieces
  3009 | D:3      | Reached XP level 5. HP: 18/41 MP: 9/11
  3866 | D:4      | Reached XP level 6. HP: 27/48 MP: 9/12
  4029 | D:4      | Noticed Sigmund
  4050 | D:4      | Killed Sigmund
  4051 | D:4      | Reached XP level 7. HP: 48/56 MP: 12/14
  4542 | D:5      | Entered Level 5 of the Dungeon
  4835 | D:5      | Found a transporter.
  4838 | D:5      | Noticed Kave's ghost (novice TrTm)
  4857 | D:5      | Found a transporter.
  5667 | D:5      | Reached XP level 8. HP: 55/63 MP: 13/16
  5737 | D:5      | Reached skill level 5 in Unarmed Combat
  5918 | D:5      | Reached skill level 5 in Transmutations
  5937 | D:5      | Killed Kave's ghost
  6086 | D:6      | Found a staircase to the Ecumenical Temple.
  6196 | D:6      | Found a sand-covered staircase.
  6201 | Ossuary  | Entered an ossuary
  7240 | D:7      | Reached skill level 5 in Dodging
  7340 | D:7      | Reached XP level 9. HP: 70/71 MP: 16/18
  8149 | D:8      | HP: 1/73 [gnoll sergeant/+0 spear of pain (10)]
  8149 | D:8      | Slain by a gnoll sergeant

Illustrated notes

Levels and vault maps discovered:
D:1:      matt_arrival_los_fun, layout_basic, serial_shops, shop,
          hellmonk_ecumenical_altar_dog_temple
D:2:      layout_basic, basic_altar, uniq_natasha
D:3:      layout_basic, minitemple, mainiacjoe_overflow_chevrons, serial_shops,
          nicolae_shop_stone, st_stairs_12
D:4:      layout_basic, mainiacjoe_overflow_cross_hatched, uniq_sigmund
D:5:      layout_basic, amethyst_overflow_temple_binary, gammafunk_ghost_arena,
          serial_undead, serial_undead_e, serial_undead_e, serial_undead_b,
          serial_undead_d
D:6:      layout_basic, minmay_temple_entry_gardened_gates, enter_ossuary_5
D:7:      layout_gridville, minmay_tree_intersection, kennysheep_generic_room_16
D:8:      layout_cave_pools, enter_bailey_8, st_stairs_11

Skill      XL: |  1  2  3  4  5  6  7  8 |
---------------+-------------------------+-----
Fighting       | 1 2 3 4 |  4.9
Transmutations | 2 3 4 6 |  6.9
Dodging        | 2 3 4 5 |  5.6
Unarmed Combat | 3 4 6 |  6.8
Spellcasting   | 2 3 4 |  4.7
Armour         | 1 2 |  2.0

Action                   |  1- 3 |  4- 6 |  7- 9 || total
-------------------------+-------+-------+-------++-------
Melee: Unarmed           |    85 |   134 |   377 ||   596
       Kick              |     9 |    36 |   113 ||   158
       Headbutt          |     8 |    23 |    67 ||    98
       Punch             |     1 |     1 |     9 ||    11
 Cast: Beastly Appendage |    26 |    22 |    47 ||    95
       Wereblood         |     1 |     5 |    22 ||    28
  Use: Potion            |     2 |     1 |     9 ||    12
       Scroll            |       |     8 |     5 ||    13
 Stab: Sleeping          |       |       |     2 ||     2
       Invisible         |       |       |     5 ||     5
Armor: Robe              |    21 |    10 |     7 ||    38
       Skin              |     2 |       |       ||     2
       Leather armour    |       |       |    28 ||    28
       Ring mail         |       |       |    42 ||    42
Dodge: Dodged            |    59 |    76 |   268 ||   403
